 Dungeon Crawl Stone Soup version 0.20-a0-472-g5c05303 (webtiles) character file.

170 Ijustatesigmund the Conjurer (level 5, -5/46 HPs)
             Began as a Naga Wizard on Jan 14, 2017.
             Slain by a gnoll
             ... wielding a +0 flail
              (14 damage)
             ... on level 3 of the Dungeon.
             The game lasted 00:09:24 (2957 turns).

Ijustatesigmund the Conjurer (Naga Wizard)          Turns: 2957, Time: 00:09:24

Health: -5/46      AC:  2    Str:  9    XL:     5   Next: 50%
Magic:  9/9        EV: 10    Int: 18    God:
Gold:   111        SH:  0    Dex: 11    Spells: 5/10 levels left

rFire  . . .     SeeInvis +     m - +3 whip
rCold  . . .     Gourm    .     a - +0 robe
rNeg   . . .     Faith    .     (no shield)
rPois  +         Spirit   .     b - +0 hat
rElec  .         Reflect  .     (no cloak)
rCorr  +         Harm     .     (no gloves)
MR     .....                    (no barding)
Stlth  ++........               (no amulet)
                                (no ring)
                                j - ring of resist corrosion

@: repel missiles, very slow
A: see invisible, deformed body, poison resistance, slowness 2, slow metabolism
1, spit poison 1, AC +1
a: Spit Poison


You were on level 3 of the Dungeon.
You were not hungry.

You visited 1 branch of the dungeon, and saw 3 of its levels.

You collected 111 gold pieces.

Inventory:

Hand Weapons
 m - a +3 whip (weapon)
 o - a +2 dagger of venom
Armour
 a - a +0 robe (worn)
 b - a +0 hat (worn)
Jewellery
 j - a ring of resist corrosion (left hand)
Scrolls
 e - a scroll of fear {unknown}
 f - a scroll of remove curse
 l - a scroll of recharging
Potions
 i - a potion of agility
 k - a potion of flight
 n - a potion of curing
 p - a potion of haste
Books
 c - a book of Minor Magic

   Spells                             Type                      Level
   a - Magic Dart                     Conjuration                  1
   b - Blink                          Translocation                2
   c - Call Imp                       Summoning                    2
   d - Repel Missiles                 Charms/Air                   2
   e - Slow                           Hexes                        2
   f - Conjure Flame                  Conjuration/Fire             3
   g - Mephitic Cloud                 Conjuration/Poison/Air       3
Comestibles
 d - a bread ration
 g - a slice of pizza


   Skills:
 + Level 2.6 Fighting
 - Level 1.5 Dodging
 - Level 3.0 Stealth
 - Level 3.0 Spellcasting
 + Level 4.3 Conjurations
   Level 1.0 Summonings
 - Level 1.0 Translocations


You had 5 spell levels left.
You knew the following spells:

 Your Spells              Type           Power        Failure   Level  Hunger
a - Magic Dart            Conj           ###.         2%          1    None
b - Blink                 Tloc           N/A          17%         2    ##.....
c - Repel Missiles        Chrm/Air       #.....       28%         2    ##.....


Dungeon Overview and Level Annotations

Branches:
Dungeon (3/15)

Altars:
Vehumet


Innate Abilities, Weirdness & Mutations

You cannot wear boots.
Your serpentine skin is tough. (AC +1)
You have supernaturally acute eyesight. (SInv)
Armour fits poorly on your strangely shaped body.
Your system is resistant to poisons. (rPois)
You cover ground very slowly.
You have a slow metabolism.
You can spit poison.


Message History

You hit the gnoll.
The gnoll is moderately wounded.
The gnoll barely misses you.
The gnoll hits you from afar with a spear.
You barely miss the gnoll.
The gnoll is moderately wounded.
The gnoll barely misses you. The gnoll hits you with a flail!
You barely miss the gnoll.
The gnoll is moderately wounded.
The gnoll hits you from afar with a spear.
You hit the gnoll.
The gnoll is severely wounded.
The gnoll hits you with a flail.
The gnoll hits you from afar with a spear!
* * * LOW HITPOINT WARNING * * *
As you read the scroll labeled SIBOPN NAOH, it crumbles to dust.
It is a scroll of identify.
p - a potion of haste The gnoll hits you with a flail!
You die...

. . ##g g_ #.#
#..
#g#############
#gggg@....†...#
#.###########.#
g.. ####.#####
.....
#........#
#......
#........#
####...
#........# #...
#........# #...
#........#
#........#


You could see 5 gnolls.

Vanquished Creatures
  The ghost of wazuzu the Cudgeler, an amateur DrWr of Ru (D:3)
  Jessica (D:3)
  An adder (D:3)
  A dart slug (D:1)
  2 leopard geckos
  2 ball pythons (D:1)
  A giant cockroach (D:2)
  5 goblins
  4 hobgoblins
  2 jackals (D:1)
  A quokka (D:2)
  10 bats
  5 frilled lizards (D:1)
  9 kobolds
  6 rats
51 creatures vanquished.

Notes
Turn   | Place    | Note
-------+----------+-------------------------------------------
     0 | D:1      | Ijustatesigmund the Naga Wizard began the quest for the Orb.
     0 | D:1      | Reached XP level 1. HP: 15/15 MP: 4/4
   329 | D:1      | Reached skill level 2 in Conjurations
   329 | D:1      | Reached XP level 2. HP: 20/22 MP: 0/6
   333 | D:1      | Learned a level 2 spell: Blink
   336 | D:1      | Learned a level 2 spell: Repel Missiles
  1025 | D:1      | Reached XP level 3. HP: 28/28 MP: 4/7
  1150 | D:1      | Reached skill level 3 in Conjurations
  2553 | D:3      | Noticed Jessica
  2559 | D:3      | Killed Jessica
  2559 | D:3      | Reached skill level 1 in Fighting
  2559 | D:3      | Reached XP level 4. HP: 38/38 MP: 8/8
  2591 | D:3      | Noticed wazuzu's ghost (amateur DrWr)
  2626 | D:3      | Killed wazuzu's ghost
  2626 | D:3      | Reached skill level 4 in Conjurations
  2626 | D:3      | Reached XP level 5. HP: 10/46 MP: 2/9
  2946 | D:3      | Found a radiant altar of Vehumet.
  2957 | D:3      | Slain by a gnoll

Vault maps used:
D:1:      dpeg_arrival_boxes_within_box, minmay_misc_feat_tower, st_stairs_12
D:3:      lemuel_crystal_altar, kennysheep_generic_room_14, uniq_grinder,
          uniq_jessica, uniq_robin

Skill      XL: |  1  2  3  4 |
---------------+-------------+-----
Conjurations   | 2 3 4 |  4.3
Fighting       | 1 2 |  2.6
Dodging        | |  1.5
Stealth        | |  3.0
Spellcasting   | |  3.0
Summonings     | |  1.0
Translocations | |  1.0

Action                   |  1- 3 |  4- 6 || total
-------------------------+-------+-------++-------
Melee: Short sword       |    15 |       ||    15
       Unarmed           |     5 |       ||     5
       Dagger            |     3 |    12 ||    15
       Whip              |       |     6 ||     6
 Cast: Magic Dart        |    95 |    17 ||   112
       Repel Missiles    |     1 |       ||     1
       Blink             |       |     1 ||     1
  Use: Scroll            |     3 |     1 ||     4
       Potion            |       |     4 ||     4
 Stab: Sleeping          |     2 |       ||     2
  Eat: Chunk             |     3 |     1 ||     4
Armor: Robe              |     9 |     2 ||    11
Dodge: Dodged            |    17 |    14 ||    31
       Deflected         |     3 |       ||     3
